 Dungeon Crawl Stone Soup version 0.31.0-32-g396128a36d (webtiles) character file.

Game seed: 18382467439098657146

13278 Peloso the Carver (level 11, -3/90 (99) HPs)
             Began as a Minotaur Fighter on Apr 9, 2024.
             Was a High Priest of Okawaru.
             Killed from afar by a laughing skull (28 damage)
             ... with a bolt of negative energy
             ... on level 11 of the Dungeon.
             The game lasted 00:22:27 (11306 turns).

Peloso the Carver (Minotaur Fighter)               Turns: 11306, Time: 00:22:28

HP:   -3/90 (99)    AC: 23    Str: 20    XL:     11   Next: 73%
MP:   0/10          EV: 13    Int:  4    God:    Okawaru [*****.]
Gold: 807           SH: 14    Dex: 18    Spells: 10/10 levels left

rFire   + . .        a - +0 long sword
rCold   . . .        d - +0 kite shield of Amut {Harm rElec}
rNeg    . . .        z - +2 chain mail {rF+}
rPois   .            (helmet restricted)
rElec   +            v - +2 cloak {Stlth+}
rCorr   .            A - +0 pair of gloves
SInv    .            s - +0 pair of boots
Will    .....        f - amulet of guardian spirit
Stlth   ++           (no ring)
HPRegen 0.35/turn    (no ring)
MPRegen 0.12/turn

%: harm (+30% outgoing, +20% incoming), guardian spirit
@: lethally poisoned (-3 -> -7), about to teleport, heroic, drained
A: horns 2, retaliatory headbutt, agile 1
a: Renounce Religion, Heroism, Finesse, Duel


You were on level 11 of the Dungeon.
You worshipped Okawaru.
Okawaru was extremely pleased with you.
You visited 2 branches of the dungeon, and saw 12 of its levels.

You collected 807 gold pieces.

Inventory:

Hand Weapons
 a - a +0 long sword (weapon)
 u - the +8 hammer "Owaef" {freeze, Fly}
   (You found it on level 5 of the Dungeon)

   Fly:       It grants you flight.
Armour
 b - a +0 scale mail
 c - a +0 plate armour
 d - the +0 kite shield of Amut (worn) {Harm rElec}
   (You found it on level 4 of the Dungeon)

   rElec:     It insulates you from electricity.
   Harm:      It increases damage dealt and taken.
 s - a +0 pair of boots (worn)
 v - a +2 cloak of stealth (worn)
 z - a +2 chain mail of fire resistance (worn)
 A - a +0 pair of gloves (worn)
Jewellery
 f - an amulet of guardian spirit (around neck)
 D - an amulet of faith
 H - a ring of protection from fire
Talismans
 G - a dragon-blood talisman
Wands
 j - a wand of paralysis (8)
 r - a wand of roots (9)
 w - a wand of light (7)
 y - a wand of flame (45)
 J - a wand of polymorph (8)
Scrolls
 e - a scroll of blinking {unknown}
 g - a scroll of teleportation
 k - a scroll of poison {unknown}
 l - a scroll of immolation {unknown}
 m - a scroll of fear
 n - a scroll of torment {unknown}
 o - 2 scrolls of enchant armour {unknown}
 C - a scroll of noise {unknown}
 E - a scroll of revelation
 F - 2 scrolls of fog {unknown}
 K - a scroll of summoning {unknown}
 L - a scroll of identify
Potions
 h - a potion of might
 i - 10 potions of curing
 p - a potion of enlightenment {unknown}
 q - a potion of berserk rage
 t - 2 potions of brilliance
 x - a potion of lignification {unknown}
 B - a potion of cancellation {unknown}
 I - a potion of heal wounds


   Skills:
 + Level 9.9(14.9) Fighting
 + Level 13.7(18.7) Long Blades
 + Level 11.6(16.6) Armour
 + Level 4.2(9.2) Dodging
 + Level 1.6(6.6) Stealth
 + Level 10.1(15.1) Shields
 + Level 0.7(5.7) Unarmed Combat
 + Level 0.1 Invocations
 + Level 1.8 Evocations


You had 10 spell levels left.
You didn't know any spells.
Your spell library contained the following spells:

 Spells                   Type           Power      Damage    Failure   Level
 Apportation              Tloc           0%         N/A       98%         1
 Foxfire                  Conj/Fire      0%         2x1d4     98%         1
 Necrotise                Necr           0%         1d4       98%         1
 Sting                    Conj/Alch      0%         1d3       98%         1
 Frozen Ramparts          Ice            0%         1d1       100%        3
 Stone Arrow              Conj/Erth      0%         3d7       100%        3
 Anguish                  Hex/Necr       0%         N/A       100%        4
 Cause Fear               Hex            0%         N/A       100%        4
 Leda's Liquefaction      Alch/Erth      0%         N/A       100%        4
 Petrify                  Alch/Erth      0%         N/A       100%        4
 Metabolic Englaciation   Hex/Ice        0%         N/A       100%        5
 Plasma Beam              Fire/Air       0%         2x1d10    100%        6
 Starburst                Conj/Fire      0%         6d3       100%        6
 Enfeeble                 Hex            0%         N/A       100%        7
 Lehudib's Crystal Spear  Conj/Erth      0%         10d2      100%        8
 Summon Small Mammal      Summ           Unusable   N/A       N/A         1
 Animate Armour           Summ/Erth      Unusable   N/A       N/A         4

Dungeon Overview and Level Annotations

Branches:
Dungeon (11/15)            Temple (1/1) D:4            Lair (0/5) D:9
    Orc (0/2) D:10

Altars:
Ashenzari
Cheibriados
Dithmenos
Elyvilon
Fedhas
Gozag
Hepliaklqana
Kikubaaqudgha
Makhleb
Nemelex Xobeh
Okawaru
Qazlal
Ru
Sif Muna
Trog
Uskayaw
Vehumet
Wu Jian
Xom
Yredelemnul
Zin
The Shining One

Shops:
D:5 :   D:7 (!:

Annotations:
D:3 2 transporters, Route97's ghost, amateur GnWr
D:4 2 runed translucent doors, cfcfcfcfcf's ghost, amateur OnCj
D:7 2 transporters
D:8 1 runed translucent door


Innate Abilities, Weirdness & Mutations

You have a pair of horns on your head.
You reflexively headbutt those who attack you in melee.
You are agile. (Dex +4, Str/Int -1)


Message History

The laughing skull cackles spitefully.
The bolt of negative energy hits you!!
You feel drained.
The centaur shoots an arrow.
The arrow closely misses you.
Unknown command.
You hit the laughing skull. You headbutt the laughing skull.
You destroy the laughing skull!
Okawaru accepts your kill.
The laughing skull completely misses you.
The centaur shoots an arrow.
The arrow hits you.
* * * LOW HITPOINT WARNING * * *
A boulder beetle comes into view.
A gnoll comes into view. It is wielding a +0 whip.
You block the gnoll sergeant's attack.
As you read the scroll of teleportation, it crumbles to dust.
You feel strangely unstable.
The sentinel's mark upon you fades away.
The laughing skull cackles spitefully.
The bolt of negative energy misses you.
The centaur shoots an arrow.
You block the arrow.
The laughing skull headbutts you but does no damage.
You block the gnoll sergeant's attack.
The centaur unwields a +0 orcbow.
You block the centaur's attack. The centaur closely misses you.
The laughing skull attacks as it pursues you!
The laughing skull headbutts you but does no damage.
The centaur barely misses you. You block the centaur's attack.
The gnoll sergeant attacks as it pursues you!
The gnoll sergeant hits you from afar with a +1 spear of venom.
* * * LOW HITPOINT WARNING * * *
You are poisoned.
Unknown command.
You hit the centaur.
You kill the centaur!
Okawaru accepts your kill.
You are no longer corroded.
You feel sick.
The laughing skull gibbers with scorn.
The bolt of negative energy hits you!!
You feel drained.
You die...
The laughing skull crumbles to pieces from sheer joy.

#### ..# ##.## #
######D..######
#.
#c............#
#.#.#.###...####
..###)###.## .#
#.#.#@## #.# .#
# #z## #.# .##
#g# ##.# #..
##.# #..# ..#
#gg# #.## ..
#..# #.# .# #.B#
#.# .#
#.g####.######.
.##
#..............


You could see a boulder beetle, a gnoll sergeant, a laughing skull and 3 gnolls.

Vanquished Creatures
  Josephine (D:10)
  Nergalle (D:10)
  Pikel (D:4)
  2 centaur zombies (D:10)
  Maurice (D:10)
  Joseph (D:6)
  4 unseen horror zombies (D:10)
  Psyche (D:11)
  3 trolls
  2 hornets (D:9)
  A shadow (D:10)
  3 wraiths (D:10)
  2 wyverns (D:9)
  2 basilisks (D:9)
  A vampire (D:9)
  13 yaks
  2 steam dragons (D:7)
  Menkaure (D:5)
  A water moccasin (D:9)
  Duvessa (D:5)
  3 orc warriors
  An ice beast (D:7)
  A sky beast (D:7)
  A black bear (D:5)
  A laughing skull (D:11)
  3 ogres
  5 centaurs
  2 phantoms
  3 kobold brigands
  3 necrophages (D:6)
  2 bullfrogs (D:8)
  A scorpion (D:7)
  2 gnoll sergeants
  A water moccasin zombie (D:6)
  A wyvern zombie (D:6)
  6 wights
  2 burial acolytes (D:10)
  Dowan (D:5)
  4 killer bees (D:9)
  5 howler monkeys
  2 electric eels (D:9)
  A bullfrog zombie (D:6)
  2 bombardier beetles
  A gnoll bouda (D:7)
  2 hounds
  A jelly (D:5)
  3 orc priests
  2 human zombies
  Crazy Yiuf (D:5)
  2 sleepcaps
  Ijyb (D:4)
  5 iguanas
  5 orc wizards
  21 gnolls
  A howler monkey skeleton (D:10)
  A howler monkey zombie (D:6)
  5 adders
  2 shadow imps
  A white imp (D:8)
  3 ribbon worms
  27 orcs
  5 bats
  10 endoplasms
  2 giant cockroaches
  11 goblins
  12 hobgoblins
  2 quokkas
  8 ball pythons
  3 frilled lizards
  A goblin skeleton (D:8)
  10 kobolds
  5 rats
250 creatures vanquished.

Vanquished Creatures (others)
  A gnoll bouda (D:7)
  2 gnolls (D:7)
3 creatures vanquished.

Grand Total: 253 creatures vanquished

Notes
Turn   | Place    | Note
-------+----------+-------------------------------------------
     0 | D:1      | Peloso the Minotaur Fighter began the quest for the Orb.
     0 | D:1      | Reached XP level 1. HP: 19/19 MP: 0/0
   128 | D:1      | Reached XP level 2. HP: 26/27 MP: 1/1
   210 | D:1      | You fall into a shaft and drop 1 floor!
   433 | D:2      | Reached skill level 3 in Long Blades
   433 | D:2      | Reached XP level 3. HP: 26/33 MP: 2/2
  1088 | D:2      | Gained mutation: You are agile. (Dex +4, Str/Int -1)
                  | [potion of mutation]
  1724 | D:3      | Reached XP level 4. HP: 40/40 MP: 3/3
  1963 | D:3      | Noticed Route97's ghost (amateur GnWr)
  1978 | D:3      | Found a transporter.
  2257 | D:3      | Reached skill level 4 in Long Blades
  2540 | D:3      | Found a glowing silver altar of Zin.
  2551 | D:3      | Found a transporter.
  2722 | D:4      | Reached XP level 5. HP: 42/47 MP: 4/4
  2772 | D:4      | Noticed Ijyb
  2778 | D:4      | Paralysed by Ijyb for 5 turns
  2787 | D:4      | Paralysed by Ijyb for 4 turns
  2792 | D:4      | Killed Ijyb
  2826 | D:4      | Found a large runed translucent door.
  2827 | D:4      | Found a large runed translucent door.
  2827 | D:4      | Noticed cfcfcfcfcf's ghost (amateur OnCj)
  2848 | D:4      | Noticed an ogre
  2860 | D:4      | Killed an ogre
  2861 | D:4      | Reached skill level 5 in Long Blades
  2861 | D:4      | Reached skill level 5 in Armour
  2861 | D:4      | Reached skill level 1 in Dodging
  2861 | D:4      | Reached XP level 6. HP: 53/53 MP: 5/5
  2864 | D:4      | Found a staircase to the Ecumenical Temple.
  2983 | D:4      | Identified the +0 kite shield of Amut {Harm rElec}
  3069 | Temple   | Entered the Ecumenical Temple
  3074 | Temple   | Became a worshipper of Warmaster Okawaru
  3225 | D:4      | Noticed Pikel
  3247 | D:4      | Killed Pikel
  3247 | D:4      | Reached * piety under Okawaru
  3248 | D:4      | Reached skill level 5 in Fighting
  3248 | D:4      | Reached skill level 7 in Long Blades
  3248 | D:4      | Reached XP level 7. HP: 56/61 MP: 6/6
  3570 | D:5      | Entered Level 5 of the Dungeon
  3570 | D:5      | Found a hazy altar of Hepliaklqana.
  3692 | D:5      | Reached skill level 5 in Shields
  3894 | D:5      | Found Honar's Tiny Tomes.
  3972 | D:5      | Reached XP level 8. HP: 69/69 MP: 7/7
  4257 | D:5      | Noticed Duvessa
  4259 | D:5      | Noticed Dowan
  4268 | D:5      | Killed Duvessa
  4268 | D:5      | Reached ** piety under Okawaru
  4269 | D:5      | Reached skill level 8 in Long Blades
  4285 | D:5      | Killed Dowan
  4499 | D:5      | Noticed Menkaure
  4505 | D:5      | Killed Menkaure
  4595 | D:5      | Found a runed translucent door.
  4596 | D:5      | Noticed Crazy Yiuf
  4603 | D:5      | Killed Crazy Yiuf
  4605 | D:5      | Identified the +8 hammer "Owaef" {freeze, Fly}
  4725 | D:6      | Reached skill level 9 in Long Blades
  5585 | D:6      | Found a blossoming altar of Fedhas.
  5773 | D:6      | Reached *** piety under Okawaru
  5777 | D:6      | Reached skill level 1 in Evocations
  5789 | D:6      | Reached XP level 9. HP: 66/75 MP: 8/8
  6010 | D:7      | Noticed Joseph
  6178 | D:6      | Killed Joseph
  6179 | D:6      | Reached skill level 10 in Long Blades
  6424 | D:7      | Reached **** piety under Okawaru
  6513 | D:7      | Found Dobubew's Distillery.
  6522 | D:7      | Found a transporter.
  6533 | D:7      | Reached skill level 11 in Long Blades
  6533 | D:7      | Found Qatuzol's Book Emporium.
  6564 | D:7      | Found Vemiv's Weapon Shoppe.
  6827 | D:7      | Found a transporter.
  7015 | D:8      | Found a runed translucent door.
  7021 | D:8      | Found a basalt altar of Yredelemnul.
  7440 | D:8      | Found a snail-covered altar of Cheibriados.
  7572 | D:8      | Reached XP level 10. HP: 85/86 MP: 9/9
  8084 | D:9      | Paralysed by a hornet for 1 turns
  8089 | D:9      | Paralysed by a hornet for 2 turns
  8274 | D:9      | Reached skill level 1 in Stealth
  8407 | D:9      | Found a staircase to the Lair.
  8474 | D:9      | Reached ***** piety under Okawaru
  8851 | D:9      | Found a hide-covered altar of Uskayaw.
  8872 | D:9      | Found a white marble altar of Elyvilon.
  8983 | D:9      | Reached skill level 12 in Long Blades
  8991 | D:9      | Received a gift from Okawaru
  8992 | D:9      | Reached skill level 10 in Armour
  9201 | D:9      | Found a burning altar of Makhleb.
  9563 | D:10     | Entered Level 10 of the Dungeon
  9585 | D:10     | Noticed Josephine
  9701 | D:10     | Found a radiant altar of Vehumet.
  9921 | D:10     | Killed Josephine
  9921 | D:10     | Noticed Maurice
  9922 | D:10     | Reached XP level 11. HP: 69/95 MP: 7/10
  9968 | D:10     | Maurice stole the +8 hammer "Owaef" {freeze, Fly}
  9969 | D:10     | Maurice stole a ring of protection from fire
  9970 | D:10     | Maurice stole a dragon-blood talisman
  9976 | D:10     | Maurice stole 247 gold
  9984 | D:10     | Something stole 356 gold
 10036 | D:10     | Killed Maurice
 10256 | D:10     | Noticed Nergalle
 10281 | D:10     | Killed Nergalle
 10320 | D:10     | Reached skill level 13 in Long Blades
 10329 | D:10     | Received a gift from Okawaru
 10380 | D:10     | Found a staircase to the Orcish Mines.
 10757 | D:10     | Found a sacrificial altar of Ru.
 10964 | D:10     | Reached skill level 10 in Shields
 10986 | D:10     | Found an ancient bone altar of Kikubaaqudgha.
 11018 | D:10     | Reached ****** piety under Okawaru
 11116 | D:11     | Noticed Psyche
 11128 | D:11     | Killed Psyche
 11303 | D:11     | Noticed a boulder beetle
 11306 | D:11     | Killed from afar by a laughing skull

Illustrated notes

Levels and vault maps discovered:
D:1:      spicycebolla_arrival_clurvy, layout_loops_ring, serial_bayou_ford_a,
          serial_bayou_lake_a
D:2:      layout_basic, minmay_misc_feat_enclosed
D:3:      layout_loops_corners, zin_academy, gammafunk_ghost_stat_death
D:4:      layout_basic, minmay_temple_entry_overgrown,
          ebering_ghost_disaster_area, uniq_pikel, uniq_ijyb
D:5:      layout_gridville, nicolae_hepliaklqana_hazy_memory,
          nicolae_shop_i_like_small_books_too, uniq_menkaure,
          uniq_crazy_yiuf_cottage, uniq_duvessa
D:6:      layout_loops_corners, fedhas_altar_decomposition
D:7:      layout_loops_ring, serial_shops, shop, nicolae_shop_drivethru,
          kennysheep_mini, minmay_fractal_squares_5, uniq_joseph
D:8:      layout_basic, cheibrodos_worm_habitat, dk_yredelemnul_ordeal
D:9:      layout_cave_pods, nicolae_elyvilon_temple_path, kennysheep_little_box,
          kennysheep_mini_moat, minmay_lair_entry_grove
D:10:     layout_rooms, lemuel_mausoleum_altar_kikubaaqudgha,
          vehumet_altar_wand_db, nicolae_ru_sacrificial_ziggurat,
          hiddenorc1_lemuel, uniq_maurice, uniq_nergalle, uniq_josephine
D:11:     layout_loops_ring, grunt_gozag_statues, uniq_psyche
Temple:   minmay_freezing_vapour_temple

Skill      XL: |  1  2  3  4  5  6  7  8  9 10 11 |
---------------+----------------------------------+-----
Armour         | 4 5 6 8 9 11 | 11.6
Shields        | 4 5 6 7 9 10 | 10.1
Fighting       | 4 5 6 7 8 9 |  9.9
Long Blades    | 3 4 5 7 9 11 12 13 | 13.7
Dodging        | 1 2 4 |  4.2
Evocations     | 1 |  1.8
Stealth        | 1 |  1.6
Unarmed Combat | |  0.7
Invocations    | |  0.1

Action                     |  1- 3 |  4- 6 |  7- 9 | 10-12 || total
---------------------------+-------+-------+-------+-------++-------
  Melee: Long sword        |    90 |    73 |   345 |   451 ||   959
         Headbutt          |    10 |    16 |    85 |   106 ||   217
         Unarmed           |       |       |       |    13 ||    13
 Invoke: Heroism           |       |       |       |     4 ||     4
  Evoke: Wand              |       |     2 |     3 |    14 ||    19
    Use: Potion            |     5 |       |     1 |     1 ||     7
         Scroll            |     2 |       |     3 |     2 ||     7
   Stab: Paralysed         |       |       |       |     3 ||     3
         Invisible         |       |       |       |     3 ||     3
 Armour: Scale mail        |    77 |     2 |       |       ||    79
         Chain mail        |       |    50 |   139 |   331 ||   520
         Plate armour      |       |       |    65 |       ||    65
         Skin              |       |       |       |    31 ||    31
  Dodge: Dodged            |    35 |    27 |    63 |   144 ||   269
  Block: Buckler           |    29 |     9 |       |       ||    38
         Kite shield       |       |     9 |   191 |   291 ||   491
